 Dungeon Crawl Stone Soup version 0.20.1-1-g8b1a95d (webtiles) character file.

46 Fisto the Gusty (level 3, 0/26 HPs)
             Began as a Draconian Air Elementalist on Nov 19, 2017.
             Slain by centipede's ghost (8 damage)
             ... in a sewer.
             The game lasted 00:08:01 (1445 turns).

Fisto the Gusty (Draconian Air Elementalist)        Turns: 1445, Time: 00:08:01

Health: 0/26       AC:  5    Str: 11    XL:     3   Next: 44%
Magic:  5/6        EV: 12    Int: 15    God:
Gold:   55         SH:  0    Dex: 11    Spells: 4/7 levels left

rFire    . . .     SeeInvis .   (no weapon)
rCold    . . .     Gourm    .   (no shield)
rNeg     . . .     Faith    .   (armour unavailable)
rPois    .         Spirit   .   (helmet restricted)
rElec    .         Reflect  .   (no cloak)
rCorr    .         Harm     .   (no gloves)
MR       .....                  (no boots)
Stlth    ++........             (no amulet)
Regen    0.1/turn               (no ring)
MPRegen  0.1/turn               (no ring)

@: no status effects
A: unfitting armour, cold-blooded, AC +5
a: no special abilities


You were in a sewer.
You were not hungry.

You visited 1 branch of the dungeon, and saw 3 of its levels.
You also visited: Sewer.

You collected 55 gold pieces.

Inventory:

Hand Weapons
 p - a +0 hand crossbow
Missiles
 c - 8 javelins (quivered)
 e - 9 bolts
 g - 49 stones
Scrolls
 i - a scroll of blinking {unknown}
 n - a scroll of enchant armour
Potions
 d - a potion of curing
 h - a potion of resistance
 j - 2 potions of might {unknown}
 k - a potion of agility {unknown}
 o - a potion of magic {unknown}
Books
 a - a book of Air

   Spells                             Type                      Level
   a - Shock                          Conjuration/Air              1
   b - Swiftness                      Charms/Air                   2
   c - Static Discharge               Conjuration/Air              3
   d - Airstrike                      Air                          4
   e - Lightning Bolt                 Conjuration/Air              5
Comestibles
 b - a bread ration
 f - a meat ration
 l - a royal jelly
 m - 2 fruits


   Skills:
 + Level 2.0 Dodging
 + Level 2.0 Stealth
 + Level 0.4 Unarmed Combat
 + Level 2.5 Spellcasting
 + Level 1.3 Conjurations
 + Level 3.6 Air Magic


You had 4 spell levels left.
You knew the following spells:

 Your Spells              Type           Power        Failure   Level  Hunger
a - Shock                 Conj/Air       #...         8%          1    #......
b - Swiftness             Chrm/Air       #.......     16%         2    ###....


Dungeon Overview and Level Annotations

Branches:
Dungeon (3/15)

Altars:
Kikubaaqudgha
Ru

Annotations:
D:2 Robin Sewer centipede's ghost, amateur DgTm


Innate Abilities, Weirdness & Mutations

Your plain brown scales are hard. (AC +5)
You cannot fit into any form of body armour.
You are cold-blooded and may be slowed by cold attacks.


Message History

Centipede's ghost hits you.
You hit centipede's ghost but do no damage.
Centipede's ghost is lightly damaged.
Centipede's ghost hits you.
There is an empty arch of ancient stone here.
You see here a leopard gecko skeleton.
You completely miss centipede's ghost.
Centipede's ghost is lightly damaged.
Centipede's ghost closely misses you.
You closely miss centipede's ghost.
Your tail-slap misses centipede's ghost.
Centipede's ghost is lightly damaged.
Centipede's ghost hits you but does no damage.
You closely miss centipede's ghost.
Centipede's ghost is lightly damaged.
Centipede's ghost hits you but does no damage.
You hit centipede's ghost but do no damage.
Centipede's ghost is lightly damaged.
Centipede's ghost hits you!
You die...

###### ########.....
########.≈..≈≈≈.≈≈≈.
#.∩@W..≈≈≈÷≈≈≈≈≈≈≈≈≈
########.≈≈≈≈≈≈≈≈≈≈.
########≈≈≈≈≈
###########≈≈≈≈.
........≈≈≈≈≈≈≈.
≈≈≈≈≈≈≈≈≈≈≈≈≈≈≈.
≈≈≈≈≈≈≈≈≈≈≈≈≈≈≈.
≈≈≈≈≈≈≈≈≈≈≈l≈≈≈≈
.........≈≈≈≈≈≈≈


You could see centipede's ghost.

Vanquished Creatures
  An ooze (D:2)
  2 leopard geckos (Sewer)
  5 bats
  2 giant cockroaches (D:1)
  5 goblins
  7 hobgoblins
  2 jackals (D:2)
  3 kobolds
  3 ball pythons (Sewer)
  A frilled lizard (D:2)
  3 rats
34 creatures vanquished.

Notes
Turn   | Place    | Note
-------+----------+-------------------------------------------
     0 | D:1      | Fisto the Draconian Air Elementalist began the quest for the Orb.
     0 | D:1      | Reached XP level 1. HP: 14/14 MP: 3/3
   222 | D:1      | Reached XP level 2. HP: 20/20 MP: 3/5
   392 | D:1      | Learned a level 2 spell: Swiftness
   645 | D:2      | Found a sacrificial altar of Ru.
   891 | D:2      | Reached XP level 3. HP: 26/26 MP: 0/6
   892 | D:2      | Found an ancient bone altar of Kikubaaqudgha.
  1046 | D:2      | Noticed Robin
  1150 | D:3      | Found a glowing drain.
  1188 | Sewer    | Entered a sewer
  1408 | Sewer    | Noticed centipede's ghost (amateur DgTm)
  1445 | Sewer    | Slain by centipede's ghost

Skill      XL: |  1  2  3 |
---------------+----------+-----
Stealth        | 2 |  2.0
Dodging        | 2 |  2.0
Unarmed Combat | |  0.4
Spellcasting   | |  2.5
Conjurations   | |  1.3
Air Magic      | |  3.6

Action                   || total
-------------------------++-------
Melee: Unarmed           ||    64
       Tailslap          ||     6
 Cast: Shock             ||    67
       Swiftness         ||     1
  Use: Scroll            ||     4
       Potion            ||     1
  Eat: Chunk             ||     1
       Bread ration      ||     1
Armor: Skin              ||    19
Dodge: Dodged            ||    38
